Map: Abyssal Reef LE

Players

BackupA (Rob)

  • Race: Protoss Protoss
  • Spawn Location: 11:00

MightyKiwi - Winner!

  • Race: Zerg Zerg
  • Spawn Location: 5:00

Event: WCS Montreal 2017

VOD

Have the link to the VOD?

Description

Time

  • Played on: Sept. 8, 2017, 3:36 p.m.
  • Length: 9:52

All games in this series

Show
View Real Time Build Order
Export as new Build Order

BackupA Protoss 

Build Orders: 1 Gate Expand 

Get SALT Encoding   

  12  0:00  Probe (Chrono Boost)  
  13  0:12  Probe (Chrono Boost)  
  14  0:22  Pylon  
  14  0:23  Probe (Chrono Boost)  
  15  0:40  Probe (Chrono Boost)  
  15  0:42  Gateway  
  16  0:47  Assimilator  
  16  0:50  Probe (Chrono Boost)  
  17  1:01  Probe (Chrono Boost)  
  18  1:12  Probe (Chrono Boost)  
  19  1:19  Gateway  
  19  1:23  Probe (Chrono Boost)  
  20  1:36  Nexus  
  20  1:45  Cybernetics Core  
  20  1:50  Probe (Chrono Boost)  
  20  1:55  Zealot (Chrono Boost)  
  22  2:03  Pylon  
  22  2:15  Probe  
  23  2:17  Assimilator  
  25  2:23  Adept (Chrono Boost)  
  25  2:25  Adept (Chrono Boost)  
  27  2:33  Pylon  
  27  2:38  Probe  
  26  2:52  Probe  
  26  2:59  Probe  
  26  3:03  Probe  
  28  3:08  Adept (Chrono Boost)  
  28  3:11  Probe  
  28  3:12  Adept (Chrono Boost)  
  33  3:13  Probe  
  34  3:22  Stargate  
  34  3:24  Probe x2  
  36  3:35  Gateway  
  36  3:36  Probe (Chrono Boost)  
  37  3:42  Probe (Chrono Boost)  
  37  3:46  Probe (Chrono Boost)  
  39  3:51  Warp Gate (Chrono Boost)  
  39  3:53  Probe  
  40  3:56  Probe  
  39  4:05  Probe  
  39  4:06  Probe, Oracle (Chrono Boost)  
  44  4:10  Adept  
  44  4:12  Adept  
  48  4:17  Probe (Chrono Boost)  
  48  4:18  Probe (Chrono Boost)  
  48  4:24  Pylon  
  50  4:27  Pylon  
  50  4:29  Probe x2  
  52  4:43  Nexus  
  52  4:47  Pylon  
  52  4:48  Probe x2  
  54  4:53  Twilight Council  
  54  4:59  Robotics Facility  
  54  5:01  Probe  
  55  5:08  Probe  
  55  5:13  Probe  
  57  5:20  Probe (Chrono Boost)  
  58  5:25  Probe (Chrono Boost)  
  59  5:30  Resonating Glaives (Chrono Boost)  
  59  5:33  Gateway  
  59  5:34  Gateway  
  59  5:35  Probe  
  59  5:36  Gateway  
  59  5:37  Gateway  
  59  5:40  Gateway  
  60  5:45  Gateway  
  60  5:49  Warp Prism (Chrono Boost)  
  62  5:52  Probe  
  62  5:54  Probe  
  62  5:55  Probe  
  65  6:02  Probe  
  66  6:06  Adept x3  
  66  6:09  Pylon  
  72  6:19  Probe  
  73  6:26  Pylon x2  
  73  6:37  Adept x8  
  89  6:53  Pylon x2  
  89  6:58  Adept x8  
  63  7:20  Adept x2  
  63  7:21  Adept x7  
  79  7:23  Warp Prism (Chrono Boost)  
  74  7:33  Assimilator  
  74  7:34  Probe  
  74  7:35  Assimilator  
  74  7:36  Probe  
  74  7:49  Stalker  
  74  7:50  Templar Archives  
  76  7:52  Assimilator x2  
  76  7:55  Probe x2, Pylon  
  76  7:56  Forge  
  76  7:57  Probe  
  65  8:20  Mothership Core  
  65  8:21  Adept x9  
  83  8:33  Photon Cannon  
  81  8:36  Photon Cannon x2  
  65  8:52  High Templar x2  
  69  8:57  Photon Cannon, Adept  
  69  8:58  Adept x3  
  77  9:03  Photon Cannon  
  77  9:04  Adept x3  
  83  9:13  Archon  
  60  9:28  Adept x6  
  62  9:38  Adept x2  
Show
View Real Time Build Order
Export as new Build Order

MightyKiwi Zerg - Winner!

Build Orders: Pool First 

Get SALT Encoding   

  12  0:00  Drone  
  13  0:13  Overlord  
  13  0:19  Drone  
  14  0:33  Drone x2  
  14  0:35  Drone  
  17  0:46  Spawning Pool  
  17  0:48  Drone  
  17  0:56  Drone  
  18  0:58  Extractor  
  17  1:21  Hatchery  
  16  1:33  Zergling x6  
  16  1:36  Queen  
  21  1:45  Overlord  
  21  1:54  Drone  
  21  2:00  Metabolic Boost  
  22  2:05  Drone  
  23  2:12  Queen  
  25  2:20  Drone  
  26  2:26  Drone  
  27  2:36  Drone  
  28  2:37  Queen  
  28  2:38  Drone  
  28  2:43  Drone  
  28  2:44  Drone  
  33  2:51  Drone x2  
  32  3:00  Pneumatized Carapace  
  32  3:01  Zergling x2  
  32  3:02  Zergling x2  
  32  3:05  Zergling x4  
  36  3:20  Hatchery  
  35  3:28  Drone  
  35  3:29  Overlord  
  36  3:40  Spore Crawler, Drone  
  36  3:42  Spore Crawler  
  36  3:46  Drone  
  36  3:51  Drone  
  36  3:52  Drone x5  
  36  3:55  Drone  
  41  4:03  Drone x3  
  44  4:10  Lair  
  44  4:14  Overlord  
  44  4:15  Overlord  
  44  4:22  Extractor, Evolution Chamber  
  42  4:33  Drone  
  42  4:35  Drone  
  42  4:36  Drone x3  
  42  4:38  Extractor, Baneling Nest  
  46  4:40  Queen  
  47  4:47  Spore Crawler, Drone x4  
  50  4:53  Drone  
  50  4:54  Drone  
  50  4:58  Drone x3  
  55  5:12  Drone x7  
  62  5:20  Zerg Melee Weapons Level 1  
  62  5:22  Overlord  
  62  5:24  Drone x2  
  62  5:25  Hydralisk Den  
  62  5:27  Extractor  
  62  5:31  Overlord  
  62  5:32  Zergling x6  
  65  5:37  Overlord  
  65  5:38  Centrifical Hooks  
  65  5:49  Overlord  
  65  5:54  Drone x7  
  65  5:55  Drone  
  73  5:59  Hydralisk x3  
  79  6:05  Hydralisk x2  
  79  6:07  Hydralisk  
  79  6:10  Zergling x4  
  87  6:15  Zergling x6  
  87  6:16  Extractor  
  87  6:18  Overlord  
  89  6:21  Muscular Augments  
  89  6:23  Overlord  
  89  6:28  Zergling x10  
  94  6:36  Baneling x7  
  94  6:38  Baneling  
  94  6:39  Baneling  
  94  6:41  Zergling x12  
  100  6:47  Overlord  
  100  6:50  Baneling x6  
  100  6:51  Zergling x6  
  100  6:52  Zergling x2  
  99  7:05  Zergling x16  
  96  7:13  Zergling x4  
  85  7:17  Hydralisk x4  
  85  7:21  Hydralisk  
  85  7:22  Hydralisk x3  
  97  7:31  Zerg Missile Weapons Level 1  
  97  7:33  Hydralisk  
  99  7:40  Hydralisk x2  
  103  7:48  Hydralisk  
  103  7:49  Hydralisk x2  
  109  7:56  Hydralisk x2  
  113  7:59  Hatchery  
  113  8:00  Overlord x3  
  113  8:02  Zergling x6  
  114  8:13  Zergling x12  
  117  8:24  Zergling x14  
  124  8:30  Zergling x2  
  125  8:36  Hydralisk x2  
  125  8:41  Zergling x6  
  125  8:44  Baneling x12  
  124  8:51  Zergling x6  
  124  8:52  Overlord  
  124  8:55  Baneling x8  
  127  8:59  Hydralisk x2  
  127  9:11  Hydralisk x3  
  127  9:12  Hydralisk x3  
  127  9:18  Zergling x14  
  125  9:26  Overseer, Hydralisk  
  125  9:27  Hydralisk  
  125  9:30  Drone  
Tags
 
Add a new tag
Caveats
  • Supply blocks, unpowered buildings, or Contaminate may cause inaccurate times.
  • Supply counts are checked every 10 seconds.